 Dungeon Crawl Stone Soup version 0.26-a0-1126-g3318b609a0 (webtiles) character file.

Game seed: 9634726152866900041

581 Dracia the Shield-Bearer (level 7, 0/52 HPs)
             Began as a Demonspawn Fighter on Dec 17, 2020.
             Slain by a river rat (5 damage)
             ... on level 5 of the Dungeon.
             The game lasted 00:09:49 (3484 turns).

Dracia the Shield-Bearer (Demonspawn Fighter)       Turns: 3484, Time: 00:09:49

Health: 0/52       AC: 14    Str: 16    XL:     7   Next: 13%
Magic:  7/7        EV:  4    Int: 13    God:
Gold:   121        SH: 13    Dex: 13    Spells: 6/6 levels left

rFire    . . .     SeeInvis +   a - +0 rapier
rCold    + . .     Faith    .   c - +0 kite shield
rNeg     . . .     Spirit   .   q - +0 plate armour
rPois    .         Reflect  .   (no helmet)
rElec    .         Harm     .   (no cloak)
rCorr    .         Rampage  .   s - +0 pair of gloves
Will     .....                  l - +0 pair of boots
Stlth    ..........             (no amulet)
HPRegen  0.17/turn              C - ring of protection from cold
MPRegen  0.10/turn              v - ring of see invisible

@: very slow
A: hooves 2, large bone plates 1, clever 1, mutation resistance 1, powered by
death 1, miasma immunity
a: no special abilities


You were on level 5 of the Dungeon.
You visited 2 branches of the dungeon, and saw 6 of its levels.

You collected 121 gold pieces.


Innate Abilities, Weirdness & Mutations

You have hoof-like feet.
You are partially covered in large bone plates. (SH +4)
You regenerate a little health from kills.
You are immune to miasma.
Your mind is acute. (Int +2)
You are somewhat resistant to further mutation.


   Skills:
 - Level 3.0 Fighting
 - Level 1.7 Short Blades
 + Level 4.8 Armour
 + Level 3.8 Dodging
 + Level 4.8 Shields


You had 6 spell levels left.
You didn't know any spells.
Your spell library was empty.

Inventory:

Hand Weapons
 a - a +0 rapier (weapon)
Missiles
 e - 10 poisoned darts (quivered)
Armour
 c - a +0 kite shield (worn)
 l - a +0 pair of boots (worn)
 q - a +0 plate armour (worn)
 s - a +0 pair of gloves (worn)
Magical Staves
 b - an uncursed staff of air {!a!a, unknown}
Jewellery
 t - an uncursed ring of teleportation
 v - a ring of see invisible (right hand)
 C - a ring of protection from cold (left hand)
 W - an uncursed ring of magical power
Scrolls
 f - 4 scrolls of blinking
 n - 5 scrolls of identify {@r1@r1}
 o - a scroll of remove curse {@r2@r2}
Potions
 h - 2 potions of magic

Dungeon Overview and Level Annotations

Branches:
Dungeon (5/15)             Temple (1/1) D:4

Altars:
Ashenzari
Fedhas
Trog
The Shining One

Annotations:
D:5 Eustachio

***#.........................†##
#..........................#*
###..........................,*
#.............######....#...#,*
#)............# *,,...##.##*,*
#.............# *,,....#.* *,*
####...........# *,,....#,***,**
..........#########,,,....,,,,,,,
.........##≈≈≈rr@5##,,,,*,,,,,,,,
..(......#≈#######b#,,,,,,,,,,,,,
.....###.#,*≈,,≈*#≈#,,*,,,>,,,,,,
.....# #.#≈*,***≈#≈#***,,,,,,,,,,
.....# #.#≈*≈*∩*≈#r#*,,,,,,,,,,**
.....# ###≈*≈*≈*≈#≈#*,,,,,,,,,,*
.....###!#≈**≈**≈#b#*,,,,,,,,,,*
..)..##..#≈*****,#@#*,,,,,,,,,,*
.....#...##≈,≈,≈##≈#*,,,,,,,,,,*


You could see a river rat, an ufetubus (summoned), a bat (summoned) and a rat.


Message History

You block the ufetubus's attack. The ufetubus barely misses you.
The ufetubus splashes around in the water. x2
You block the ufetubus's attack. The ufetubus barely misses you.
The ufetubus splashes around in the water.
You block the ufetubus's attack.
A river rat comes into view.
The iron imp disappears in a puff of smoke!
A rat comes into view.
You block the ufetubus's attack.
The ufetubus splashes around in the water.
The ufetubus hits you but does no damage.
The ufetubus hits you.
* * * LOW HITPOINT WARNING * * *
You block the river rat's attack.
Your unstable footing causes you to fumble your attack.
The ufetubus splashes around in the water.
The ufetubus barely misses you. The river rat bites you.
* * * LOW HITPOINT WARNING * * *
You block the ufetubus's attack. x2
Your shield and plate armour prevent you from hitting the river rat.
You block the ufetubus's attack.
The ufetubus splashes around in the water.
The river rat barely misses you. You block the ufetubus's attack.
The ufetubus hits you but does no damage.
You puncture the river rat!
The river rat is severely wounded.
You block the ufetubus's attack.
The ufetubus hits you but does no damage.
The river rat bites you.
You die...

Skill      XL: |  1  2  3  4  5  6 |
---------------+-------------------+-----
Shields        | 3 4 |  4.8
Armour         | 3 4 |  4.8
Dodging        | 1 2 3 |  3.8
Fighting       | |  3.0
Short Blades   | |  1.7

Action                   |  1- 3 |  4- 6 |  7- 9 || total
-------------------------+-------+-------+-------++-------
Melee: Rapier            |    88 |   263 |    31 ||   382
       Kick              |    15 |    16 |       ||    31
  Use: Scroll            |     5 |     3 |     1 ||     9
       Potion            |       |     7 |       ||     7
Armor: Scale mail        |    17 |       |       ||    17
       Chain mail        |    28 |    47 |       ||    75
       Plate armour      |       |    96 |    59 ||   155
Dodge: Dodged            |    25 |    44 |    18 ||    87
Block: Kite shield       |    43 |   230 |    55 ||   328

Levels and vault maps discovered:
D:1:      heliophobic_arrival_enchanted_forest, layout_rooms
D:2:      layout_loops_ring, lemuel_crystal_altar, minmay_cupped
D:3:      layout_basic, bloody_trog, cheibrodos_ashenzari_chains,
          chequers_ecumenical_altar_simple
D:4:      layout_layer_cave, minmay_temple_entry_trees, grunt_tough_drop,
          uniq_sigmund, uniq_menkaure
D:5:      layout_basic, gup_sewer_entry_spiral, uniq_eustachio,
          uniq_prince_ribbit1, uniq_crazy_yiuf_cottage
Temple:   eino_wide_crystal_templ

Notes
Turn   | Place    | Note
-------+----------+-------------------------------------------
     0 | D:1      | Dracia the Demonspawn Fighter began the quest for the Orb.
     0 | D:1      | Reached XP level 1. HP: 18/18 MP: 1/1
   287 | D:1      | Gained mutation: You have large cloven feet. [demonic
                  | ancestry]
   287 | D:1      | Reached XP level 2. HP: 24/24 MP: 2/2
   505 | D:2      | Reached skill level 3 in Shields
   526 | D:2      | Reached skill level 3 in Armour
   526 | D:2      | Reached skill level 1 in Dodging
   569 | D:2      | Gained mutation: You have hoof-like feet. [demonic
                  | ancestry]
   569 | D:2      | Reached XP level 3. HP: 22/29 MP: 3/3
   752 | D:2      | Found a blossoming altar of Fedhas.
   950 | D:2      | Gained mutation: You are partially covered in large bone
                  | plates. (SH +4) [demonic ancestry]
   950 | D:2      | Reached XP level 4. HP: 35/35 MP: 4/4
  1208 | D:2      | Reached skill level 2 in Dodging
  1631 | D:3      | Found a broken altar of Ashenzari.
  1870 | D:3      | Gained mutation: You regenerate a little health from kills.
                  | [demonic ancestry]
  1870 | D:3      | Reached XP level 5. HP: 39/41 MP: 5/5
  2045 | D:3      | Found a faded altar of an unknown god.
  2211 | D:3      | Found a bloodstained altar of Trog.
  2262 | D:3      | Reached skill level 4 in Armour
  2422 | D:4      | Reached skill level 4 in Shields
  2564 | D:4      | Gained mutation: You are immune to miasma. [demonic
                  | ancestry]
  2564 | D:4      | Reached XP level 6. HP: 33/47 MP: 6/6
  2607 | D:5      | Entered Level 5 of the Dungeon
  2624 | D:5      | Reached skill level 3 in Dodging
  2649 | D:5      | HP: 4/47 [orc priest/divine providence (11)]
  2655 | D:5      | HP: 3/47 [jackal (1)]
  2664 | D:4      | Found a staircase to the Ecumenical Temple.
  2664 | D:4      | Noticed Menkaure
  2672 | Temple   | Entered the Ecumenical Temple
  3062 | Temple   | Gained mutation: Your mind is acute. (Int +2) [potion of
                  | mutation]
  3062 | Temple   | Gained mutation: You are somewhat resistant to further
                  | mutation. [potion of mutation]
  3072 | D:4      | HP: 4/47 [??? (2)]
  3073 | D:4      | Killed Menkaure
  3364 | D:5      | HP: 4/47 [orc/+0 whip (2)]
  3381 | D:5      | Reached XP level 7. HP: 13/52 MP: 7/7
  3450 | D:5      | Noticed Eustachio
  3470 | D:5      | HP: 5/52 [worm (5)]
  3481 | D:5      | HP: 5/52 [ufetubus[Eustachio] (3)]
  3484 | D:5      | Slain by a river rat

Vanquished Creatures
  Menkaure (D:4)
  A centaur (D:5)
  A scorpion (D:3)
  2 orc priests (D:5)
  A hound (D:4)
  An iguana (D:5)
  A worker ant (D:4)
  8 adders
  A white imp (D:4)
  5 worms
  2 leopard geckos
  11 orcs
  2 ball pythons
  5 giant cockroaches
  6 goblins
  5 hobgoblins
  11 jackals
  4 quokkas
  9 bats
  4 frilled lizards
  3 kobolds
  10 rats
94 creatures vanquished.

Table legend: (Time is in decaauts)
 A = Elapsed time spent in this place.
 B = Non-inter-level travel time spent in this place.
 C = Inter-level travel time spent in this place.
 D = Time resting spent in this place.
 E = Time spent auto-exploring this place.
 F = Levels seen in this place.
 G = Mean time per level.
                   A        B        C        D        E       F      G
               +--------+--------+--------+--------+--------+-----+--------+
         Total |   3563 |   3450 |    113 |    622 |   1942 |   6 |  593.8 |
       Dungeon |   3061 |   2948 |    113 |    142 |   1942 |   5 |  612.2 |
        Temple |    502 |    502 |      0 |    480 |      0 |   1 |  502.0 |
               +--------+--------+--------+--------+--------+-----+--------+

Top non-repeatable levels by time:
     D:2: 1060 daAuts
     D:3: 846 daAuts
     D:1: 508 daAuts
  Temple: 502 daAuts
     D:4: 423 daAuts
     D:5: 223 daAuts

Table legend:
 A = Non-vault XP
 B = Vault XP
 C = Vault XP percentage of total XP
 D = Non-vault monster count
 E = Vault monster count
 F = Vault count percentage of total count
                 A         B        C        D         E       F
            +---------+---------+-------+---------+---------+-------
      Total |     597 |     233 |  28.1 |      89 |       5 |   5.3
            +---------+---------+-------+---------+---------+-------
        D:1 |      18 |       0 |   0.0 |      14 |       0 |   0.0
        D:2 |     125 |      15 |  10.7 |      32 |       2 |   5.9
        D:3 |     133 |       0 |   0.0 |      26 |       0 |   0.0
        D:4 |      69 |     218 |  76.0 |       5 |       3 |  37.5
        D:5 |     245 |       0 |   0.0 |      10 |       0 |   0.0
     Temple |       7 |       0 |   0.0 |       2 |       0 |   0.0
            +---------+---------+-------+---------+---------+-------
